 Dungeon Crawl Stone Soup version 0.30-b1-2-g02819fbbbe (webtiles) character file.

Game seed: 11266321610220885798

2 Deral222 the Grave Robber (level 1, -3/14 HPs)
             Began as a Ghoul Necromancer on Oct 11, 2023.
             Slain by a quokka (5 damage)
             ... on level 1 of the Dungeon.
             The game lasted 00:01:37 (130 turns).

Deral222 the Grave Robber (Ghoul Necromancer)        Turns: 130, Time: 00:01:38

Health: -3/14      AC:  2    Str: 11    XL:     1   Next: 30%
Magic:  2/2        EV: 12    Int: 10    God:
Gold:   24         SH:  0    Dex:  9    Spells: 2/3 levels left

rFire   + . .        (no weapon)
rCold   + + .        (no shield)
rNeg    + + +        a - +0 robe
rPois   ∞            (no helmet)
rElec   .            c - scarf {rC+ rF+}
rCorr   .            (no gloves)
SInv    .            (no boots)
Will    .....        (no amulet)
Stlth   ++           (no ring)
HPRegen 0.00/turn    (no ring)
MPRegen 0.08/turn

%: no passive effects
@: inhibited regen
A: claws 1, cold resistance 1, negative energy resistance 3, inhibited
regeneration, torment resistance 2, devour on kill
a: no special abilities


You were on level 1 of the Dungeon.
You visited 1 branch of the dungeon, and saw 1 of its levels.

You collected 24 gold pieces.

Inventory:

Armour
 a - a +0 robe (worn)
 c - a scarf of resistance (worn)
Potions
 b - a potion of magic
 d - a potion of lignification {unknown}
 e - 2 potions of berserk rage {unknown}


   Skills:
 + Level 1.8 Dodging
 + Level 2.2 Stealth
 + Level 1.8 Spellcasting
 + Level 4.0 Necromancy


You had 2 spell levels left.
You knew the following spells:

 Your Spells              Type           Power      Damage    Failure   Level
a - Necrotise             Necr           32%        1d5       6%          1

Your spell library contained the following spells:

 Spells                   Type           Power      Damage    Failure   Level
 Vampiric Draining        Necr           8%         2d6       19%         3
 Animate Dead             Necr           8%         N/A       52%         4
 Agony                    Necr           8%         N/A       86%         5


Dungeon Overview and Level Annotations

Branches:
Dungeon (1/15)

Altars:


Innate Abilities, Weirdness & Mutations

You are immune to poison.
You have sharp fingernails.
Your flesh is cold resistant. (rC+)
You are immune to negative energy. (rN+++)
You do not regenerate when monsters are visible.
You are immune to unholy pain and torment.
You thrive by killing the living.


Message History

You are frozen.
You resist. The endoplasm attacks as you move away! The endoplasm hits you.
The endoplasm jiggles.
The endoplasm freezes you.
You are frozen.
You resist. The endoplasm freezes you.
You are frozen.
You resist. The endoplasm attacks as you move away!
The endoplasm barely misses you.
Found 3 gold pieces.
The endoplasm attacks as you move away!
The endoplasm hits you but does no damage.
The endoplasm freezes you.
You are frozen.
You resist.
You see here 3 gold pieces.
The endoplasm barely misses you.
Found 3 stones.
A quokka comes into view.
The endoplasm attacks as you move away! The endoplasm hits you.
A bat comes into view.
The quokka closely misses you. The endoplasm attacks as you move away!
The endoplasm misses you. The quokka attacks as you move away!
The quokka completely misses you. The endoplasm attacks as you move away!
The endoplasm closely misses you. The quokka misses you.
The endoplasm attacks as you move away!
The endoplasm hits you but does no damage.
The bat closely misses you. The endoplasm attacks as you move away!
The endoplasm barely misses you. The bat hits you but does no damage.
The quokka bites you.
* * * LOW HITPOINT WARNING * * *
The endoplasm attacks as you move away! The endoplasm misses you.
The quokka attacks as you move away!
The quokka bites you but does no damage.
The bat closely misses you. The quokka attacks as you move away!
The quokka barely misses you. The endoplasm attacks as you move away!
The endoplasm barely misses you. The bat hits you.
* * * LOW HITPOINT WARNING * * *
The quokka bites you.
You die...

##...........'.##
..............†###
..........).....##
............###..#
#.###.......####.# #.
##.#####.....#
#.####.# #.....#
####......## #.....#
#....b@....####.....#
#......r............#
#....J...(..##......#
#............#......#
#.................$.#
######..............#
#######.#......#
#.######## #.#


You could see an endoplasm, a quokka and a bat.

Vanquished Creatures
  A kobold (D:1)
  A ball python (D:1)
2 creatures vanquished.

Notes
Turn   | Place    | Note
-------+----------+-------------------------------------------
     0 | D:1      | Deral222 the Ghoul Necromancer began the quest for the Orb.
     0 | D:1      | Reached XP level 1. HP: 14/14 MP: 2/2
    18 | D:1      | Identified a scroll of acquirement
    18 | D:1      | Acquired a scarf of resistance
   130 | D:1      | Slain by a quokka

Illustrated notes

Levels and vault maps discovered:
D:1:      dpeg_arrival_pits, layout_basic

Action                     || total
---------------------------++-------
  Melee: Unarmed           ||    10
    Use: Scroll            ||     1
   Stab: Sleeping          ||     1
 Armour: Robe              ||     5
  Dodge: Dodged            ||    18
